 Dungeon Crawl Stone Soup version 0.28.0-53-g5a82cb258f (webtiles) character file.

Game seed: 10735338826583274226

80 spiderkeys the Ducker (level 4, 0/40 HPs)
             Began as a Deep Elf Abyssal Knight on June 10, 2022.
             Was a Believer of Lugonu.
             Slain by an orc wizard
             ... wielding a +0 club
              (2 damage)
             ... on level 2 of the Dungeon.
             The game lasted 00:02:49 (2407 turns).

spiderkeys the Ducker (Deep Elf Abyssal Knight)     Turns: 2407, Time: 00:02:49

Health: 0/40       AC:  4    Str: 10    XL:     4   Next: 18%
Magic:  9/9        EV: 12    Int: 17    God:    Lugonu [**....]
Gold:   97         SH:  0    Dex: 15    Spells: 7/7 levels left

rFire   . . .      SeeInvis .   a - +2 short sword
rCold   . . .      Faith    .   (no shield)
rNeg    . . .      Spirit   .   b - +0 leather armour
rPois   .          Reflect  .   (no helmet)
rElec   .          Harm     .   f - +0 cloak
rCorr   .          Rampage  .   (no gloves)
Will    .....                   (no boots)
Stlth   ..........              (no amulet)
HPRegen 0.13/turn               (no ring)
MPRegen 0.11/turn               (no ring)

@: berserking, flying, very quick
A: no striking features
a: Renounce Religion, Depart the Abyss, Bend Space


You were on level 2 of the Dungeon.
You worshipped Lugonu.
Lugonu was pleased with you.
You visited 1 branch of the dungeon, and saw 2 of its levels.
You visited the Abyss 1 time.

You collected 97 gold pieces.


   Skills:
 + Level 2.9 Fighting
 - Level 2.0 Short Blades
 - Level 0.7 Armour
 + Level 3.3 Dodging
 + Level 2.4 Spellcasting
 + Level 3.0 Invocations


You had 7 spell levels left.
You didn't know any spells.
Your spell library contained the following spells:

 Spells                   Type           Power      Damage    Failure   Level
 Slow                     Hex            8%         N/A       26%         1
 Confusing Touch          Hex            2%         N/A       58%         3
 Vampiric Draining        Necr           2%         2d6       58%         3

Inventory:

Hand Weapons
 a - a +2 short sword (weapon)
Missiles
 d - 92 stones
Armour
 b - a +0 leather armour (worn)
 f - a +0 cloak (worn)
   (You found it on level 1 of the Dungeon)
Scrolls
 h - a scroll of enchant weapon

Dungeon Overview and Level Annotations

Branches:
Dungeon (2/15)

Altars:

รท#..รท..####.#..## #.#.......
.... ...##..####...##
##.#.......โ™ฃ..โ™ฃ.
##.##.........####..#............
#.##.##.#.........##..o.........
##.##.......##..######..o...o....
....[................##..o..$....
##.........###.##.######.........
#.........# #.##..# #.##........
###..#....###..@o.###..##.......
##.....#..######..##...####o'##
###....#.....# ###..###.........#
#............###......#....o...##
#.............##........####.###
#.......).....##[..)...#####..#
.....[........##..#.#.....###.###
....).......#.###.....###........
......##...##...#.#.#.###........


You could see an orc wizard.


Message History

You take 3 damage, and now have 22/27 hp.
You hit the endoplasm.
You kill the endoplasm!
Lugonu accepts your kill.
You puncture the orc!
You kill the orc!
Lugonu accepts your kill. ๐Ÿ˜• HP[+1]
You closely miss the goblin. The goblin misses you.
You closely miss the goblin.
The goblin hits you with a +0 dagger. ๐Ÿ˜• HP[-1]
You take 1 damage, and now have 22/27 hp.
You barely miss the goblin. The goblin hits you but does no damage.
You hit the goblin. The goblin hits you but does no damage.
You barely miss the goblin.
The goblin hits you with a +0 dagger. ๐Ÿ˜• HP[-1]
You take 1 damage, and now have 21/27 hp.
You hit the goblin. The goblin hits you but does no damage.
You hit the goblin.
You kill the goblin!
Lugonu accepts your kill.
No target in view!
No target in view!
Key pressed, stopping explore.
A ball python comes into view. ๐Ÿ˜• HP[+4]
You regained 4 hp, and now have 25/27 hp.
A ball python is nearby!
A ball python is nearby!
A ball python is nearby!
Items here: )) โ€ โ€ .
The ball python hisses angrily.
You barely miss the ball python. You punch the ball python.
The ball python barely misses you. The ball python grabs you.
The ball python constricts you.
You puncture the ball python!
You kill the ball python!
Lugonu accepts your kill.
No target in view!
Key pressed, stopping explore.
An orc comes into view. It is wielding a +0 flail.
The orc moves out of view. ๐Ÿ˜Ž HP[+2]
Your hp is fully restored (27).
The orc shouts!
You hear a shout!
An orc comes into view. It is wielding a +0 hand axe.
An orc wizard comes into view. It is wielding a +0 club.
An orc comes into view. It is wielding a +0 war axe.
There are monsters nearby!
Items here: )) โ€ โ€ .
You hit the orc.
The orc hits you with a +0 flail! ๐Ÿ˜ฎ HP[-9]
You take 9 damage, and now have 18/27 hp.
MASSIVE DAMAGE!! (PAUSE)
You hit the orc. The orc hits you with a +0 flail.
* * * LOW HITPOINT WARNING * * *
๐Ÿ˜จ HP[-5]
You take 5 damage, and now have 13/27 hp.
You hit the orc.
You kill the orc!
Lugonu accepts your kill.
The orc wizard gestures at you while chanting.
The magic dart hits you.
* * * LOW HITPOINT WARNING * * *
Your Invocations skill increases to level 3! ๐Ÿ˜จ HP[-3]
You take 3 damage, and now have 10/27 hp.
The orc wizard closely misses you.
Items here: ))) โ€ โ€ โ€ .
You miss the orc wizard. The orc wizard barely misses you.
You hit the orc wizard. The orc wizard hits you with a +0 club.
* * * LOW HITPOINT WARNING * * *
๐Ÿ˜จ HP[-1]
You take 1 damage, and now have 9/27 hp.
You hit the orc wizard but do no damage.
The orc wizard hits you but does no damage.
You hit the orc wizard but do no damage.
The orc wizard hits you with a +0 club.
* * * LOW HITPOINT WARNING * * *
You hit the orc wizard. The orc wizard hits you with a +0 club.
* * * LOW HITPOINT WARNING * * *
๐Ÿ˜ฑ HP[-3]
You take 3 damage, and now have 6/27 hp.
Unknown command.
It was a potion of magic.
Magic courses through your body. The orc wizard hits you with a +0 club.
* * * LOW HITPOINT WARNING * * *
๐Ÿ˜ฑ HP[-5]
You take 5 damage, and now have 1/27 hp.
It was a potion of flight.
You feel very buoyant.
You fly up into the air.
The orc wizard points at you and mumbles some strange words.
You resist with some effort.
It was a potion of berserk rage.
A red film seems to cover your vision as you go berserk!
You feel yourself moving faster!
You feel mighty! The orc wizard hits you with a +0 club.
You die...

Skill      XL: |  1  2  3  4 |
---------------+-------------+-----
Spellcasting   | 1 2 |  2.4
Dodging        | 3 |  3.3
Invocations    | 3 |  3.0
Fighting       | |  2.9
Short Blades   | |  2.0
Armour         | |  0.7

Action                   |  1- 3 |  4- 6 || total
-------------------------+-------+-------++-------
Melee: Short sword       |   162 |    31 ||   193
       Punch             |     1 |     1 ||     2
  Use: Scroll            |     3 |       ||     3
       Potion            |       |     3 ||     3
 Stab: Sleeping          |     3 |       ||     3
Armor: Leather armour    |    39 |     6 ||    45
Dodge: Dodged            |   102 |    16 ||   118

Levels and vault maps discovered:
D:1:      psy_arrival_conway, layout_loops_cross, basic_ecumenical_altar
D:2:      kennysheep_big_flooded_room, layout_rooms, serial_glass,
          glass_columns_a, glass_columns_b, glass_columns_b, glass_columns_a,
          glass_columns_a, glass_columns_b

Notes
Turn   | Place    | Note
-------+----------+-------------------------------------------
     0 | Abyss:1  | spiderkeys the Deep Elf Abyssal Knight began the quest for
                  | the Orb.
     0 | Abyss:1  | Reached XP level 1. HP: 13/13 MP: 4/4
     0 | Abyss:1  | magus.rc [v1.11.3]
    10 | D:1      | You pass through the gate.
    10 | D:1      | Escaped the Abyss
   211 | D:1      | You pick up a book of Debilitation and begin reading...
   211 | D:1      | You add the spells Slow, Vampiric Draining and Confusing
                  | Touch to your library.
   341 | D:1      | Reached skill level 1 in Spellcasting
   341 | D:1      | Reached XP level 2. HP: 16/18 MP: 5/5
   841 | D:1      | Reached skill level 3 in Dodging
   975 | D:1      | Reached XP level 3. HP: 19/22 MP: 7/7
   987 | D:1      | Reached ** piety under Lugonu
  1128 | D:1      | Found a faded altar of an unknown god.
  1629 | D:2      | Reached skill level 2 in Spellcasting
  2164 | D:2      | Reached XP level 4. HP: 22/27 MP: 9/9
  2399 | D:2      | Reached skill level 3 in Invocations
  2404 | D:2      | HP: 6/27 [orc wizard/+0 club (3)]
  2405 | D:2      | HP: 1/27 [orc wizard/+0 club (5)]
  2407 | D:2      | Slain by an orc wizard

Vanquished Creatures
  An adder (D:2)
  2 dart slugs
  3 orcs (D:2)
  10 ball pythons
  7 endoplasms
  A giant cockroach (D:1)
  5 goblins
  3 hobgoblins
  4 jackals (D:1)
  4 kobolds
  6 quokkas
  2 bats
  3 frilled lizards (D:2)
  6 rats
57 creatures vanquished.

Table legend:
 A = Non-vault XP
 B = Vault XP
 C = Vault XP percentage of total XP
 D = Non-vault monster count
 E = Vault monster count
 F = Vault count percentage of total count
                 A         B        C        D         E       F
            +---------+---------+-------+---------+---------+-------
      Total |     111 |       4 |   3.5 |      55 |       2 |   3.5
            +---------+---------+-------+---------+---------+-------
        D:1 |      61 |       0 |   0.0 |      34 |       0 |   0.0
        D:2 |      50 |       4 |   7.4 |      21 |       2 |   8.7
            +---------+---------+-------+---------+---------+-------

Illustrated notes

Table legend:
 A = Kills in this place as a percentage of kills in entire the game.
 B = Kills by you in this place as a percentage of kills by you in the entire game.
 C = Kills by friends in this place as a percentage of kills by friends in the entire game.
 D = Other kills in this place as a percentage of other kills in the entire game.
 E = Experience gained in this place as a percentage of experience gained in the entire game.
 F = Experience gained in this place divided by the number of levels of this place that you have seen.
                   A       B       C       D       E      F
               +-------+-------+-------+-------+-------+----------------------
         Total | 100.0 | 100.0 |   N/A |   N/A | 100.0 |  38.3
       Dungeon | 100.0 | 100.0 |   N/A |   N/A | 100.0 |  57.5
               +-------+-------+-------+-------+-------+----------------------

Table legend: (Time is in decaauts)
 A = Elapsed time spent in this place.
 B = Non-inter-level travel time spent in this place.
 C = Inter-level travel time spent in this place.
 D = Time resting spent in this place.
 E = Time spent auto-exploring this place.
 F = Levels seen in this place.
 G = Mean time per level.
                   A        B        C        D        E       F      G
               +--------+--------+--------+--------+--------+-----+--------+
         Total |   2411 |   2376 |     35 |    170 |   1788 |   3 |  803.7 |
       Dungeon |   2401 |   2366 |     35 |    170 |   1787 |   2 | 1200.5 |
         Abyss |     10 |     10 |      0 |      0 |      1 |   1 |   10.0 |
               +--------+--------+--------+--------+--------+-----+--------+

Top non-repeatable levels by time:
     D:1: 1615 daAuts
     D:2: 785 daAuts
 Abyss:1: 10 daAuts
